 Dungeon Crawl Stone Soup version 0.23.2 (webtiles) character file.

Game seed: 1333360236906474509

242 HuneSparrow the Slasher (level 5, 0/41 HPs)
             Began as a Demonspawn Fighter on Apr 2, 2019.
             Slain by a gnoll
             ... wielding a +0 spear
              (9 damage)
             ... on level 4 of the Dungeon.
             The game lasted 00:10:42 (3032 turns).

HuneSparrow the Slasher (Demonspawn Fighter)        Turns: 3032, Time: 00:10:43

Health: 0/41       AC:  6    Str: 17    XL:     5   Next: 82%
Magic:  5/5        EV:  7    Int: 10    God:
Gold:   209        SH:  9    Dex: 12    Spells: 4/4 levels left

rFire    + . .     SeeInvis +   a - +0 long sword
rCold    . . .     Gourm    .   c - +0 shield
rNeg     . . .     Faith    .   b - +0 scale mail
rPois    .         Spirit   .   (no helmet)
rElec    .         Reflect  .   (no cloak)
rCorr    .         Harm     .   (no gloves)
MR       .....                  (no boots)
Stlth    ..........             (no amulet)
HPRegen  0.13/turn              n - ring of see invisible
MPRegen  0.09/turn              u - ring of fire

@: no status effects
A: claws 2, cold resistance 1
a: no special abilities


You were on level 4 of the Dungeon.
You were not hungry.

You visited 1 branch of the dungeon, and saw 4 of its levels.

You collected 209 gold pieces.

Inventory:

Hand Weapons
 a - a +0 long sword (weapon)
Armour
 b - a +0 scale mail (worn)
 c - a +0 shield (worn)
Jewellery
 n - a ring of see invisible (left claw)
 u - a ring of fire (right claw)
Wands
 p - a wand of iceblast (5)
 v - a wand of digging (5)
Scrolls
 g - a scroll of blinking {unknown}
 h - 6 scrolls of teleportation {unknown}
 i - 2 scrolls of remove curse {unknown}
 j - a scroll of enchant armour {unknown}
 k - 2 scrolls of immolation {unknown}
 m - a scroll of magic mapping {unknown}
 o - a scroll of identify {unknown}
Potions
 d - a potion of might
 e - a potion of flight {unknown}
 l - a potion of brilliance {unknown}
 q - a potion of ambrosia {unknown}
 r - a potion of agility {unknown}
 s - 2 potions of cancellation {unknown}
Comestibles
 f - 6 rations
 t - 2 chunks of flesh


   Skills:
 + Level 3.6 Fighting
 + Level 3.8 Long Blades
 + Level 3.6 Armour
 + Level 1.2 Dodging
 + Level 3.3 Shields


You had 4 spell levels left.
You didn't know any spells.
Your spell library was empty.

Dungeon Overview and Level Annotations

Branches:
Dungeon (4/15)
 Temple: D:4-7

Altars:


Innate Abilities, Weirdness & Mutations

You have very sharp fingernails.
Your flesh is cold resistant. (rC+)


Message History

The gnoll is severely wounded.
The gnoll hits you but does no damage. x2; The gnoll barely misses you. x2
You riposte.
You closely miss the gnoll.
The gnoll is moderately wounded.
Your shield prevents you from hitting the gnoll.
The gnoll is severely wounded.
The gnoll completely misses you. You block the gnoll's attack.
You hit the gnoll.
The gnoll is severely wounded.
The gnoll hits you with a +0 spear. The gnoll closely misses you.
You barely miss the gnoll.
The gnoll is severely wounded.
The gnoll hits you with a +0 spear. The gnoll hits you but does no damage.
You block the gnoll's attack.
You hit the gnoll but do no damage.
The gnoll is severely wounded.
The gnoll hits you with a +0 spear.
* * * LOW HITPOINT WARNING * * *
You block the gnoll's attack. The gnoll hits you with a +0 spear!
You die...

#'##...#........#.......#
..##...##..##..[#.......#
..#....##..##..##..##...#
..+.....'..#...##..##.รท.#
..#.....#..#............#
..#.....#..#............#
..##...##..##..##..##...#
####...##..##..##..##...#
......#.......@g..+...#
.......#..######g..#...#
.##... #### #..##...#
#..##...# #.......#
+..(....# #....^..#
#.......# #.......#


You could see 2 gnolls.

Vanquished Creatures
  2 iguanas (D:4)
  2 worker ants (D:4)
  A hound skeleton (D:4)
  A gnoll (D:4)
  4 adders
  An ooze (D:3)
  3 worms
  A dart slug (D:2)
  2 orcs (D:3)
  5 giant cockroaches
  8 goblins
  9 hobgoblins
  2 jackals (D:1)
  A quokka (D:4)
  A ball python (D:2)
  7 bats
  10 frilled lizards
  5 kobolds
  11 rats
76 creatures vanquished.

Notes
Turn   | Place    | Note
-------+----------+-------------------------------------------
     0 | D:1      | HuneSparrow the Demonspawn Fighter began the quest for the
                  | Orb.
     0 | D:1      | Reached XP level 1. HP: 18/18 MP: 1/1
   193 | D:1      | Gained mutation: Your flesh is cold resistant. (rC+)
                  | [demonic ancestry]
   193 | D:1      | Reached XP level 2. HP: 22/24 MP: 2/2
   611 | D:2      | Gained mutation: You have sharp fingernails. [demonic
                  | ancestry]
   611 | D:2      | Reached XP level 3. HP: 28/29 MP: 3/3
  1308 | D:3      | Reached XP level 4. HP: 31/35 MP: 4/4
  2198 | D:4      | Reached skill level 1 in Dodging
  2198 | D:4      | Gained mutation: You have very sharp fingernails. [demonic
                  | ancestry]
  2198 | D:4      | Reached XP level 5. HP: 9/41 MP: 5/5
  3032 | D:4      | Slain by a gnoll

Skill      XL: |  1  2  3  4 |
---------------+-------------+-----
Armour         | 3 |  3.6
Long Blades    | 2 3 |  3.8
Shields        | 3 |  3.3
Dodging        | 1 |  1.2
Fighting       | |  3.6

Action                   |  1- 3 |  4- 6 || total
-------------------------+-------+-------++-------
Melee: Long sword        |   157 |   122 ||   279
  Eat: Chunk             |     2 |     5 ||     7
Armor: Scale mail        |    81 |    46 ||   127
Dodge: Dodged            |    59 |    47 ||   106
Block: Shield            |    78 |    49 ||   127
       Rpst.: Long sword |    18 |    15 ||    33
